 Dungeon Crawl Stone Soup version 0.30-a0-808-g6e0788376e (webtiles) character file.

Game seed: 6009743132342550294

93 porpoise the Sneak (level 4, -5/32 HPs)
             Began as a Gnoll Enchanter on Feb 26, 2023.
             Succumbed to a goblin's poison
             ... on level 1 of the Dungeon.
             The game lasted 00:05:14 (1841 turns).

porpoise the Sneak (Gnoll Enchanter)                Turns: 1841, Time: 00:05:14

Health: -5/32      AC:  2    Str:  7    XL:     4   Next: 61%
Magic:  11/11      EV: 13    Int: 17    God:
Gold:   49         SH:  0    Dex: 12    Spells: 11/13 levels left

rFire   . . .      SeeInvis .    a - +0 dagger (venom)
rCold   . . .      Faith    .    (no shield)
rNeg    . . .      Spirit   .    b - +0 robe
rPois   .          Reflect  .    (no helmet)
rElec   .          Harm     .    (no cloak)
rCorr   .          Rampage  .    (no gloves)
Will    .....                    (no boots)
Stlth   +++                      (no amulet)
HPRegen 0.25/turn                (no ring)
MPRegen 0.12/turn                (no ring)

@: lethally poisoned (-5 -> -35)
A: fangs 1, strong nose, distributed training
a: no special abilities


You were on level 1 of the Dungeon.
You visited 1 branch of the dungeon, and saw 2 of its levels.

You collected 49 gold pieces.

Inventory:

Hand Weapons
 a - a +0 dagger of venom (weapon)
 o - a +1 dagger
Missiles
 i - 4 poisoned darts (quivered)
Armour
 b - a +0 robe (worn)
Scrolls
 d - a scroll of enchant weapon {unknown}
 h - a scroll of brand weapon {unknown}
 k - 2 scrolls of identify {unknown}
 l - a scroll of immolation {unknown}
 m - a scroll of torment {unknown}
Potions
 c - 2 potions of invisibility
 e - 2 potions of heal wounds {unknown}
 f - 3 potions of curing {unknown}
 g - a potion of ambrosia {unknown}
 j - a potion of experience {unknown}
 n - a potion of flight {unknown}


   Skills:
 + Level 1.2 Fighting
 + Level 2.8 Short Blades
 + Level 1.2 Long Blades
 + Level 1.2 Axes
 + Level 1.2 Maces & Flails
 + Level 1.2 Polearms
 + Level 1.2 Staves
 + Level 1.2 Ranged Weapons
 + Level 1.2 Throwing
 + Level 1.2 Armour
 + Level 4.7 Dodging
 + Level 6.1 Stealth
 + Level 1.2 Shields
 + Level 1.2 Unarmed Combat
 + Level 5.1 Spellcasting
 + Level 1.0 Conjurations
 + Level 5.5 Hexes
 + Level 1.0 Summonings
 + Level 1.0 Necromancy
 + Level 1.0 Translocations
 + Level 1.0 Transmutations
 + Level 1.0 Fire Magic
 + Level 1.0 Ice Magic
 + Level 1.0 Air Magic
 + Level 1.0 Earth Magic
 + Level 1.0 Poison Magic
 + Level 1.3 Invocations
 + Level 1.2 Evocations


You had 11 spell levels left.
You knew the following spells:

 Your Spells              Type           Power      Damage    Failure   Level
e - Ensorcelled Hibernat  Hex/Ice        30%        N/A       5%          2

Your spell library contained the following spells:

 Spells                   Type           Power      Damage    Failure   Level
 Confusing Touch          Hex            23%        N/A       4%          3
 Tukima's Dance           Hex            23%        N/A       4%          3
 Magic Dart               Conj           28%        1d4       10%         1
 Dazzling Flash           Conj/Hex       30%        N/A       11%         3
 Call Imp                 Summ           7%         N/A       14%         2
 Mephitic Cloud           Conj/Pois/Air  7%         N/A       28%         3


Dungeon Overview and Level Annotations

Branches:
Dungeon (2/15)

Altars:

Annotations:
D:2 Robin


Innate Abilities, Weirdness & Mutations

You have very sharp teeth.
Your uncanny sense of smell can sniff out nearby items.
Your experience applies equally to all skills.


Message History

Items here: ))) [ †.
You barely miss the goblin. The goblin closely misses you.
You hit the goblin.
You kill the goblin!
You hit the hobgoblin.
The hobgoblin is poisoned.
The hobgoblin is moderately wounded.
The hobgoblin misses you.
You hit the hobgoblin.
You kill the hobgoblin!
You start resting.
HP restored.
There is a stone staircase leading down, spattered with blood here.
Items here: )))) †††.
You climb downwards.
Level annotation: Robin Robin hits you from afar with a +1 spear of venom.
You are poisoned.
The goblin closely misses you. The hobgoblin hits you.
Robin throws the goblin at you! The hobgoblin misses you.
The goblin closely misses you.
There is a stone staircase leading up, spattered with blood here.
You feel very sick. The dart slug launches a dart at you.
The slug dart hits you.
Robin roars a battlecry!
The goblins go into a battle-frenzy!
The hobgoblin misses you. The goblin barely misses you.
You climb upwards.
You feel sick.
There is a stone staircase leading down, spattered with blood here.
Items here: )))) †††.
You closely miss the hobgoblin.
You feel sick.
The goblin hits you with a +1 dagger of venom.
* * * LOW HITPOINT WARNING * * *
You are lethally poisoned!
The hobgoblin completely misses you. The goblin attacks as you move away!
The goblin hits you with a +1 dagger of venom.
* * * LOW HITPOINT WARNING * * *
You are more poisoned.
You die...

.# #.#.......## ##.##
.###.##.....## #.#
.....###...## ##.##
.##### ##+## ##.#.##
.#### #.# #.###.# >...#
#.########.#..# ###.##
##......gg##.#.#
.....###)..#####>####.#
.##..##.....####@# #.#
.##...........##.####.#
.###.####.###.........#
.# #.# #........######
.###.# ##########
.....# ######


You could see a hobgoblin (strong) and a goblin (strong).

Vanquished Creatures
  Terence (D:1)
  2 adders (D:2)
  3 ball pythons (D:1)
  7 endoplasms (D:1)
  2 giant cockroaches (D:2)
  10 goblins
  8 hobgoblins
  A quokka (D:2)
  3 bats
  3 frilled lizards
  A kobold (D:1)
  3 rats
44 creatures vanquished.

Notes
Turn   | Place    | Note
-------+----------+-------------------------------------------
     0 | D:1      | porpoise the Gnoll Enchanter began the quest for the Orb.
     0 | D:1      | Reached XP level 1. HP: 13/13 MP: 6/6
   307 | D:1      | Reached XP level 2. HP: 19/19 MP: 7/7
   311 | D:1      | Learned a level 2 spell: Ensorcelled Hibernation
   925 | D:2      | Reached skill level 6 in Stealth
   925 | D:2      | Reached skill level 5 in Spellcasting
   925 | D:2      | Reached XP level 3. HP: 25/25 MP: 1/9
   945 | D:2      | Reached skill level 1 in Invocations
  1096 | D:2      | Reached skill level 1 in Fighting
  1096 | D:2      | Reached skill level 1 in Long Blades
  1096 | D:2      | Reached skill level 1 in Axes
  1096 | D:2      | Reached skill level 1 in Maces & Flails
  1096 | D:2      | Reached skill level 1 in Polearms
  1096 | D:2      | Reached skill level 1 in Staves
  1096 | D:2      | Reached skill level 1 in Ranged Weapons
  1096 | D:2      | Reached skill level 1 in Throwing
  1096 | D:2      | Reached skill level 1 in Armour
  1096 | D:2      | Reached skill level 1 in Shields
  1096 | D:2      | Reached skill level 1 in Unarmed Combat
  1096 | D:2      | Reached skill level 1 in Evocations
  1288 | D:2      | Noticed Terence
  1288 | D:2      | Noticed Robin
  1506 | D:1      | Killed Terence
  1507 | D:1      | Reached skill level 1 in Conjurations
  1507 | D:1      | Reached skill level 1 in Summonings
  1507 | D:1      | Reached skill level 1 in Necromancy
  1507 | D:1      | Reached skill level 1 in Translocations
  1507 | D:1      | Reached skill level 1 in Transmutations
  1507 | D:1      | Reached skill level 1 in Fire Magic
  1507 | D:1      | Reached skill level 1 in Ice Magic
  1507 | D:1      | Reached skill level 1 in Air Magic
  1507 | D:1      | Reached skill level 1 in Earth Magic
  1507 | D:1      | Reached skill level 1 in Poison Magic
  1507 | D:1      | Reached XP level 4. HP: 18/32 MP: 3/11
  1841 | D:1      | Succumbed to a goblin's poison

Illustrated notes

Levels and vault maps discovered:
D:1:      eino_arrival_druids_welcome, layout_loops_corners
D:2:      layout_rooms, uniq_robin, uniq_terence

Skill      XL: |  1  2  3 |
---------------+----------+-----
Stealth        | 6 |  6.1
Spellcasting   | 5 |  5.1
Invocations    | 1 |  1.3
Fighting       | 1 |  1.2
Long Blades    | 1 |  1.2
Axes           | 1 |  1.2
Maces & Flails | 1 |  1.2
Polearms       | 1 |  1.2
Staves         | 1 |  1.2
Ranged Weapons | 1 |  1.2
Throwing       | 1 |  1.2
Armour         | 1 |  1.2
Shields        | 1 |  1.2
Unarmed Combat | 1 |  1.2
Evocations     | 1 |  1.2
Conjurations   | 1 |  1.0
Summonings     | 1 |  1.0
Necromancy     | 1 |  1.0
Translocations | 1 |  1.0
Transmutations | 1 |  1.0
Fire Magic     | 1 |  1.0
Ice Magic      | 1 |  1.0
Air Magic      | 1 |  1.0
Earth Magic    | 1 |  1.0
Poison Magic   | 1 |  1.0
Short Blades   | |  2.8
Dodging        | |  4.7
Hexes          | |  5.5

Action                     |  1- 3 |  4- 6 || total
---------------------------+-------+-------++-------
  Melee: Dagger            |   101 |    25 ||   126
         Bite              |     9 |     6 ||    15
  Throw: Dart              |     4 |       ||     4
   Cast: Ensorcelled Hiber |    15 |       ||    15
   Stab: Sleeping          |     9 |       ||     9
 Armour: Robe              |    24 |     4 ||    28
  Dodge: Dodged            |    91 |    24 ||   115

Table legend: (Time is in decaauts)
 A = Elapsed time spent in this place.
 B = Non-inter-level travel time spent in this place.
 C = Inter-level travel time spent in this place.
 D = Time resting spent in this place.
 E = Time spent auto-exploring this place.
 F = Levels seen in this place.
 G = Mean time per level.
                   A        B        C        D        E       F      G
               +--------+--------+--------+--------+--------+-----+--------+
         Total |   1828 |   1803 |     25 |    683 |    781 |   2 |  914.0 |
       Dungeon |   1828 |   1803 |     25 |    683 |    781 |   2 |  914.0 |
               +--------+--------+--------+--------+--------+-----+--------+

Top non-repeatable levels by time:
     D:1: 1433 daAuts
     D:2: 394 daAuts
